 Dungeon Crawl Stone Soup version 0.31-a0-198-g2ad674f65e (webtiles) character file.

Game seed: 12686581739191280282

105 qw the Skirmisher (level 4, -4/25 HPs)
             Began as a Deep Elf Hunter on June 25, 2023.
             Slain by a gnoll
             ... wielding a +0 halberd
              (11 damage)
             ... on level 2 of the Dungeon.
             The game lasted 00:00:34 (918 turns).

qw the Skirmisher (Deep Elf Hunter)                  Turns: 918, Time: 00:00:35

Health: -4/25      AC:  5    Str: 16    XL:     4   Next: 53%
Magic:  6/6        EV: 11    Int: 14    God:
Gold:   68         SH:  0    Dex: 18    Spells: 3/3 levels left

rFire   . . .        Y - +0 shortbow
rCold   . . .        (shield currently unavailable)
rNeg    . . .        h - +0 ring mail
rPois   .            (no helmet)
rElec   .            (no cloak)
rCorr   .            (no gloves)
SInv    .            (no boots)
Will    +....        (no amulet)
Stlth   +            i - ring of willpower
HPRegen 0.24/turn    o - +6 ring of strength
MPRegen 0.10/turn

%: no passive effects
@: no status effects
A: no striking features
a: no special abilities


You were on level 2 of the Dungeon.
You visited 1 branch of the dungeon, and saw 2 of its levels.

You collected 68 gold pieces.


   Skills:
 - Level 1.5 Fighting
 + Level 8.0 Ranged Weapons
 - Level 2.4 Dodging
 - Level 1.2 Stealth


You had 3 spell levels left.
You didn't know any spells.
Your spell library was empty.

Inventory:

Hand Weapons
 Y - a +0 shortbow (weapon)
Armour
 h - a +0 ring mail (worn)
Jewellery
 g - a ring of positive energy
 i - a ring of willpower (left hand)
 o - a +6 ring of strength (right hand)
Scrolls
 a - a scroll of identify
Potions
 d - a potion of haste
 e - a potion of degeneration {unknown}
 l - a potion of might
 m - a potion of curing {unknown}

Dungeon Overview and Level Annotations

Branches:
Dungeon (2/15)

Altars:

Shops:
D:1 *


Message History

You shoot an arrow. The arrow closely misses the gnoll.
The arrow barely misses the gnoll.
The gnoll hits you from afar with a +0 halberd!
You shoot an arrow.
The arrow hits the gnoll but does no damage.
The gnoll is moderately wounded.
The gnoll hits you from afar with a +0 halberd.
The gnoll hits you but does no damage.
You shoot an arrow. The arrow hits the gnoll.
The gnoll is heavily wounded.
The gnoll barely misses you. The gnoll closely misses you.
You shoot an arrow. The arrow hits the gnoll!
You kill the gnoll!
The gnoll barely misses you.
You shoot an arrow. The arrow barely misses the gnoll.
The gnoll closely misses you.
You shoot an arrow. The arrow hits the gnoll.
The gnoll is heavily wounded.
The gnoll closely misses you.
The gnoll hits you from afar with a +0 halberd!
913 ||| DRINKING potion of heal wounds.
You feel much better. The gnoll barely misses you.
The gnoll closely misses you.
You shoot an arrow. The arrow hits the gnoll!
You kill the gnoll!
The gnoll misses you. The gnoll barely misses you.
You shoot an arrow. The arrow hits the gnoll!
The gnoll is heavily wounded.
The gnoll closely misses you.
The gnoll hits you from afar with a +0 halberd!
You shoot an arrow. The arrow hits the gnoll.
The gnoll is severely wounded.
The gnoll hits you with a +0 whip. The gnoll barely misses you.
You shoot an arrow. The arrow hits the gnoll.
You kill the gnoll!
The gnoll hits you from afar with a +0 halberd!
Your Ranged Weapons skill increases to level 8!
You shoot an arrow. The arrow hits the gnoll.
The gnoll is heavily wounded.
The gnoll hits you from afar with a +0 halberd!
You die...

.. .#### .... ... # g.###.#
......# #######)...#
#....@)g##.#
###########.########.#
#.......)......[.....#
.#>...(..........#..#
.#....#......###....###########
#...............................
#....[........#.................
#(....####...##.####.###....####
#....................# #........


You could see a gnoll.

Vanquished Creatures
  3 gnolls (D:2)
  2 adders (D:2)
  3 worms (D:2)
  A dart slug (D:1)
  4 endoplasms
  2 giant cockroaches (D:2)
  6 goblins
  4 hobgoblins (D:1)
  4 jackals (D:2)
  3 kobolds
  2 quokkas (D:2)
  A bat (D:1)
  11 frilled lizards (D:1)
  5 rats
51 creatures vanquished.

Notes
Turn   | Place    | Note
-------+----------+-------------------------------------------
     0 | D:1      | qw the Deep Elf Hunter began the quest for the Orb.
     0 | D:1      | Reached XP level 1. HP: 12/12 MP: 3/3
     0 | D:1      | 0 ||| qw: Version: 0.3-a-22-g0ed2b0b
     0 | D:1      | 0 ||| qw: Game counter: 5052
     0 | D:1      | 0 ||| qw: Melee chars always use a shield: true
     0 | D:1      | 0 ||| qw: God list: Okawaru
     0 | D:1      | 0 ||| qw: Allow faded altars: false
     0 | D:1      | 0 ||| qw: Do Orc after clearing Dungeon:15 true
     0 | D:1      | 0 ||| qw: Do second Lair branch before Depths: true
     0 | D:1      | 0 ||| qw: Lair rune preference: random
     0 | D:1      | 0 ||| qw: Goals: Normal
     0 | D:1      | 0 ||| PLANNING D:1-11
   124 | D:1      | Reached skill level 6 in Ranged Weapons
   124 | D:1      | Reached XP level 2. HP: 12/16 MP: 4/4
   143 | D:1      | Found Adieqew's General Store.
   148 | D:1      | 148 ||| SHOPLISTING scroll of identify (22 gold, have 0).
   385 | D:1      | You fall into a shaft and drop 1 floor!
   397 | D:2      | Reached XP level 3. HP: 20/20 MP: 5/5
   523 | D:2      | Reached skill level 7 in Ranged Weapons
   621 | D:2      | Reached XP level 4. HP: 14/25 MP: 6/6
   689 | D:2      | 689 ||| UPGRADING to +0 scale mail.
   699 | D:2      | 699 ||| DROPPING +0 leather armour.
   700 | D:2      | 700 ||| UPGRADING to +0 ring mail.
   710 | D:2      | 710 ||| DROPPING +0 scale mail.
   711 | D:2      | 711 ||| UPGRADING to ring of willpower.
   712 | D:2      | 712 ||| UPGRADING to ring of positive energy.
   713 | D:2      | 713 ||| UPGRADING to +6 ring of strength.
   715 | D:2      | 715 ||| READING 3 scrolls labelled AGES WEMOHAMY.
   716 | D:2      | 716 ||| READING scroll labelled KINGAK JE XEE.
   717 | D:2      | 717 ||| DRINKING 2 pink potions.
   718 | D:2      | 718 ||| DRINKING 2 purple potions.
   719 | D:2      | 719 ||| READING 2 scrolls of identify.
   719 | D:2      | 719 ||| IDENTIFYING bubbling emerald potion
   720 | D:2      | 720 ||| DROPPING scroll of butterflies.
   906 | D:2      | 906 ||| Stepping ~*~*~tactically~*~*~ (outnumbered).
   912 | D:2      | HP: 3/25 [gnoll/+0 halberd (9)]
   913 | D:2      | 913 ||| DRINKING potion of heal wounds.
   918 | D:2      | Reached skill level 8 in Ranged Weapons
   918 | D:2      | Slain by a gnoll

Levels and vault maps discovered:
D:1:      dpeg_arrival_three_bigger_balls, layout_rooms, serial_shops, shop,
          minmay_lizard_king
D:2:      layout_basic, basic_altar

Skill      XL: |  1  2  3  4 |
---------------+-------------+-----
Ranged Weapons | 6 7 8 |  8.0
Fighting       | |  1.5
Dodging        | |  2.4
Stealth        | |  1.2

Action                     |  1- 3 |  4- 6 || total
---------------------------+-------+-------++-------
   Fire: Shortbow          |   131 |    29 ||   160
    Use: Scroll            |       |     3 ||     3
         Potion            |       |     3 ||     3
 Armour: Leather armour    |     7 |     2 ||     9
         Ring mail         |       |     1 ||     1
  Dodge: Dodged            |    14 |    15 ||    29

Table legend:
 A = Non-vault XP
 B = Vault XP
 C = Vault XP percentage of total XP
 D = Non-vault monster count
 E = Vault monster count
 F = Vault count percentage of total count
                 A         B        C        D         E       F
            +---------+---------+-------+---------+---------+-------
      Total |     142 |       8 |   5.3 |      43 |       8 |  15.7
            +---------+---------+-------+---------+---------+-------
        D:1 |      35 |       8 |  18.6 |      21 |       8 |  27.6
        D:2 |     107 |       0 |   0.0 |      22 |       0 |   0.0
            +---------+---------+-------+---------+---------+-------
